 Dungeon Crawl Stone Soup version 0.29.1-1-gd02db6906a (webtiles) character file.

Game seed: 16922521687960128445

1582 MisterFreud the Cruncher (level 9, 0/68 HPs)
             Began as a Formicid Gladiator on Sept 30, 2022.
             Killed from afar by Blork the orc (10 damage)
             ... with a puff of flame
             ... on level 6 of the Dungeon.
             The game lasted 00:05:22 (5153 turns).

MisterFreud the Cruncher (Formicid Gladiator)       Turns: 5153, Time: 00:05:22

Health: 0/68       AC:  6    Str: 21    XL:     9   Next: 14%
Magic:  9/9        EV: 16    Int:  8    God:
Gold:   323        SH:  5    Dex: 17    Spells: 8/8 levels left

rFire   . . .      SeeInvis +   x - +4 quarterstaff (flame)
rCold   . . .      Faith    .   k - +0 buckler
rNeg    . . .      Spirit   .   b - +0 leather armour
rPois   .          Reflect  .   (helmet unavailable)
rElec   .          Harm     .   y - +0 cloak {Stlth+}
rCorr   .          Rampage  .   (no gloves)
Will    .....                   D - +0 pair of boots
Stlth   ++........              (no amulet)
HPRegen 0.21/turn               j - +4 ring of evasion
MPRegen 0.11/turn               p - +4 ring of slaying

@: flying
A: permanent stasis, dig shafts and tunnels, antennae 3, four strong arms
a: Dig, Shaft Self


You were on level 6 of the Dungeon.
You visited 1 branch of the dungeon, and saw 6 of its levels.

You collected 323 gold pieces.

Inventory:

Hand Weapons
 a - a +0 quarterstaff
 l - a +5 scythe of protection
 x - a +4 quarterstaff of flaming (weapon)
Missiles
 c - 4 throwing nets (quivered)
 d - a javelin
 e - 8 poisoned darts
Armour
 b - a +0 leather armour (worn)
 k - a +0 buckler (worn)
 y - a +0 cloak of stealth (worn)
 D - a +0 pair of boots (worn)
Jewellery
 g - an amulet of regeneration
 j - a +4 ring of evasion (left hand)
 p - a +4 ring of slaying (right hand)
 q - a ring of willpower
Wands
 o - a wand of roots (5)
 t - a wand of charming (5)
 v - a wand of polymorph (10)
 H - a wand of acid (12)
Scrolls
 u - a scroll of brand weapon
 E - 2 scrolls of identify
 F - 2 scrolls of amnesia
 G - 2 scrolls of summoning
Potions
 f - a potion of ambrosia {unknown}
 h - 2 potions of might {unknown}
 i - 2 potions of cancellation
 m - 3 potions of mutation
 n - 3 potions of degeneration
 r - a potion of invisibility {unknown}
 s - a potion of resistance
 w - 3 potions of flight
 z - a potion of attraction {unknown}
 A - a potion of magic {unknown}
 B - 2 potions of curing
 C - a potion of heal wounds {unknown}
 I - a potion of brilliance {unknown}


   Skills:
 - Level 5.0 Fighting
 + Level 8.8 Staves
 - Level 2.0 Throwing
 - Level 5.0 Armour
 - Level 2.6 Dodging
 - Level 4.0 Shields


You had 8 spell levels left.
You didn't know any spells.
Your spell library contained the following spells:

 Spells                   Type           Power      Damage    Failure   Level
 Beastly Appendage        Tmut           0%         N/A       52%         1
 Wereblood                Tmut           0%         N/A       67%         2
 Spider Form              Tmut/Pois      0%         N/A       88%         3


Dungeon Overview and Level Annotations

Branches:
Dungeon (6/15)
 Temple: D:4-7

Altars:
Ashenzari
Hepliaklqana

Annotations:
D:6 Blork the orc


Innate Abilities, Weirdness & Mutations

You cannot be hasted, slowed, berserked, paralysed or teleported.
You can dig through walls and to a lower floor.
You have a pair of large antennae on your head. (SInv)
Your four strong arms can wield two-handed weapons with a shield.


Message History

Unknown command.
Unknown command.
Unknown command.
Unknown command.
Unknown command.
Unknown command.
Unknown command.
It was a potion of curing.
You feel better. The wyvern barely misses you.
Blork the orc screams, "I'll crush all your ribs!
One by one!"
Blork the orc closely misses you. The wyvern bites you!
* * * LOW HITPOINT WARNING * * *
You feel better. Blork the orc misses you. The wyvern barely misses you.
Blork the orc hits you from afar with a +0 trident.
* * * LOW HITPOINT WARNING * * *
You sock the wyvern! You burn the wyvern.
You kill the wyvern!
Blork the orc misses you. Blork the orc barely misses you.
Blork the orc miscasts a cantrip.
There is a large open door here.
It was a potion of flight.
You feel very buoyant.
You fly up into the air.
Blork the orc completely misses you.
Okay, then.
Unknown command.
Aiming: Fastroot
Press: ? - help, Shift-Dir - straight line, f - Blork the orc
Aim: Blork the orc, wielding a +0 trident and wearing a +0 robe (fast)
The roots erupt in riotous growth!
Roots grab Blork the orc.
The grasping roots constrict Blork the orc.
Blork the orc hits you from afar with a +0 trident.
* * * LOW HITPOINT WARNING * * *
Blork the orc looks satisfied for a moment.
The grasping roots constrict Blork the orc!
The roots release their grip on Blork the orc.
Blork the orc screams, "I'll break your arms!"
Blork the orc casts a spell at you. The puff of flame hits you!
You die...

########## #### #........#
...# #........# ######## ...#
###..8♣♣8..###......#
...######.'..♣♣♣♣..'........#
..........'..♣♣♣♣..'.#......#
..........#..8♣♣8.o###......#
..........#.....@..# ......>#
......†...#........# #<.....#
........>.########## #......#
......)....# #......#
#....####### #(######
#.##..## .. ..###..### ##.#
.## ##)..## #..# .#######..#
###.#


You could see Blork the orc (fast).

Vanquished Creatures
  Grinder (D:5)
  Sigmund (D:2)
  A wyvern (D:6)
  An ogre (D:5)
  2 phantoms
  A bullfrog (D:6)
  A howler monkey (D:5)
  Crazy Yiuf (D:2)
  4 jellies (D:6)
  An orc priest (D:4)
  4 hounds
  Natasha (thrice) (D:2)
  Ijyb (D:3)
  4 iguanas
  2 orc wizards
  Robin (D:3)
  5 gnolls
  3 adders
  An ufetubus (D:5)
  3 worms
  A dart slug (D:4)
  8 orcs
  10 ball pythons
  7 endoplasms
  2 giant cockroaches (D:3)
  12 goblins
  A hobgoblin (D:3)
  4 jackals (D:4)
  4 quokkas
  6 bats
  A frilled lizard (D:3)
  4 kobolds
  7 rats
108 creatures vanquished.

Notes
Turn   | Place    | Note
-------+----------+-------------------------------------------
     0 | D:1      | MisterFreud the Formicid Gladiator began the quest for the
                  | Orb.
     0 | D:1      | Reached XP level 1. HP: 16/16 MP: 1/1
   130 | D:1      | Reached XP level 2. HP: 22/22 MP: 2/2
   680 | D:1      | Found a faded altar of an unknown god.
   964 | D:2      | Reached skill level 4 in Staves
   964 | D:2      | Reached XP level 3. HP: 25/27 MP: 3/3
   988 | D:2      | Noticed Sigmund
   996 | D:2      | Killed Sigmund
   997 | D:2      | Reached skill level 6 in Staves
   997 | D:2      | Reached XP level 4. HP: 15/34 MP: 4/4
   997 | D:2      | Reached XP level 5. HP: 17/39 MP: 5/5
  1260 | D:2      | Noticed Natasha
  1266 | D:2      | Killed Natasha
  1267 | D:2      | Reached skill level 1 in Shields
  1267 | D:2      | Reached XP level 6. HP: 28/46 MP: 6/6
  1502 | D:2      | Noticed Natasha
  1508 | D:2      | Killed Natasha
  1937 | D:2      | Found a runed translucent door.
  1938 | D:2      | Noticed Crazy Yiuf
  2033 | D:2      | Noticed Natasha
  2037 | D:2      | Killed Natasha
  2170 | D:2      | Killed Crazy Yiuf
  2428 | D:3      | Reached XP level 7. HP: 42/54 MP: 7/7
  2618 | D:3      | Noticed Ijyb
  2627 | D:3      | Killed Ijyb
  2946 | D:3      | Noticed Robin
  2957 | D:3      | Killed Robin
  3717 | D:4      | Found a hazy altar of Hepliaklqana.
  3749 | D:4      | Reached skill level 5 in Fighting
  3755 | D:4      | Reached skill level 1 in Armour
  4272 | D:4      | Found a broken altar of Ashenzari.
  4372 | D:5      | Entered Level 5 of the Dungeon
  4434 | D:5      | Noticed Grinder
  4453 | D:5      | Reached XP level 8. HP: 62/62 MP: 8/8
  4453 | D:5      | Killed Grinder
  4570 | D:5      | Reached skill level 7 in Staves
  4993 | D:6      | Reached skill level 5 in Armour
  5077 | D:6      | Reached skill level 8 in Staves
  5082 | D:6      | Reached XP level 9. HP: 63/68 MP: 9/9
  5133 | D:6      | Noticed Blork the orc
  5153 | D:6      | Killed from afar by Blork the orc

Illustrated notes

Levels and vault maps discovered:
D:1:      scummos_arrival_star, layout_loops_ring, basic_ecumenical_altar,
          wad_floor_pattern_1, hangedman_decor_slide_cut
D:2:      layout_loops_corners, uniq_sigmund, uniq_crazy_yiuf_cottage,
          uniq_natasha
D:3:      layout_basic, gup_sewer_entry_spiral, kennysheep_path_1, uniq_ijyb,
          uniq_robin
D:4:      layout_loops_ring, mainiacjoe_overflow_alcove_1, minmay_ruined_shrine
D:5:      layout_loops_ring, uniq_grinder
D:6:      layout_rooms, kennysheep_generic_room_6, uniq_blork_the_orc

Skill      XL: |  1  2  3  4  5  6  7  8 |
---------------+-------------------------+-----
Staves         | 4 6 8 |  8.8
Shields        | 1 3 4 |  4.0
Fighting       | 4 5 |  5.0
Armour         | 3 5 |  5.0
Throwing       | |  2.0
Dodging        | |  2.6

Action                   |  1- 3 |  4- 6 |  7- 9 || total
-------------------------+-------+-------+-------++-------
Melee: Quarterstaff      |    60 |    16 |   148 ||   224
       Halberd           |       |    22 |       ||    22
Evoke: Wand              |       |       |     1 ||     1
  Use: Scroll            |       |     6 |     9 ||    15
       Potion            |       |       |     3 ||     3
 Stab: Sleeping          |     2 |     1 |     7 ||    10
Armor: Leather armour    |    13 |     6 |    20 ||    39
Dodge: Dodged            |    48 |    21 |    84 ||   153
Block: Buckler           |       |    11 |    25 ||    36
